 Dungeon Crawl Stone Soup version 0.27-a0-421-g7ddf969dea (webtiles) character file.

Game seed: 6383078388988977280

7161 sanka the Martial Artist (level 10, -3/70 HPs)
             Began as a Vampire Transmuter on Feb 26, 2021.
             Was an Elder of Okawaru.
             Slain by Snorg (15 damage)
             ... on level 11 of the Dungeon.
             The game lasted 00:25:08 (10591 turns).

sanka the Martial Artist (Vampire Transmuter)      Turns: 10591, Time: 00:25:09

Health: -3/70      AC:  2    Str: 13    XL:     10   Next: 86%
Magic:  13/16      EV: 39    Int: 16    God:    Okawaru [****..]
Gold:   339        SH:  0    Dex: 23    Spells: 11/17 levels left

rFire    + + .     SeeInvis +     - Unarmed
rCold    . . .     Faith    .   (shield currently unavailable)
rNeg     . . .     Spirit   .   (armour currently unavailable)
rPois    x         Reflect  .   (helmet currently unavailable)
rElec    .         Harm     .   (cloak currently unavailable)
rCorr    +         Rampage  .   (gloves currently unavailable)
Will     +....                  (boots currently unavailable)
Stlth    +++.......             D - amulet of regeneration
HPRegen  1.41/turn              y - ring "Hadaoliu" {rF++ rCorr Str+4}
MPRegen  0.15/turn              (no ring)

@: spider-form, heroism, regenerating quickly
A: tiny, see invisible
a: Exsanguinate, End Transformation, Renounce Religion, Heroism


You were on level 11 of the Dungeon.
You worshipped Okawaru.
Okawaru was greatly pleased with you.
You were a venomous arachnid creature.
You visited 2 branches of the dungeon, and saw 12 of its levels.
You also visited: Sewer and Ossuary.

You collected 667 gold pieces.
You spent 328 gold pieces at shops.


Innate Abilities, Weirdness & Mutations

Your natural rate of healing is unusually fast.
((You have razor-sharp teeth.))
You have supernaturally acute eyesight. (SInv)
((You can survive without breathing.))


   Skills:
 + Level 3.2(8.2) Fighting
 + Level 8.1(13.1) Dodging
 * Level 12.1(17.1) Unarmed Combat
 - Level 4.0 Spellcasting
 - Level 8.0 Transmutations
 - Level 3.0 Poison Magic
 - Level 4.0 Invocations


You had 11 spell levels left.
You knew the following spells:

 Your Spells              Type           Power        Failure   Level
x - Beastly Appendage     Tmut           56%          4%          1
y - Wereblood             Tmut           28%          4%          2
z - Spider Form           Tmut/Pois      10%          16%         3

Your spell library contained the following spells:

 Spells                   Type           Power        Failure   Level
 Animate Skeleton         Necr           6%           36%         1
 Apportation              Tloc           6%           36%         1
 Corona                   Hex            3%           36%         1
 Magic Dart               Conj           12%          36%         1
 Summon Small Mammal      Summ           12%          36%         1
 Blade Hands              Tmut           14%          36%         5
 Blink                    Tloc           N/A          47%         2
 Call Imp                 Summ           3%           47%         2
 Ensorcelled Hibernation  Hex/Ice        6%           47%         2
 Slow                     Hex            3%           47%         2
 Mephitic Cloud           Conj/Pois/Air  6%           54%         3
 Ice Form                 Ice/Tmut       16%          54%         4
 Confusing Touch          Hex            3%           67%         3
 Conjure Flame            Conj/Fire      3%           67%         3
 Dazzling Flash           Conj/Hex       6%           67%         3
 Tukima's Dance           Hex            3%           67%         3
 Animate Armour           Summ/Erth      6%           95%         4
 Borgnjor's Vile Clutch   Necr/Erth      1%           100%        5
 Silence                  Hex/Air        1%           100%        5
 Shadow Creatures         Summ           N/A          100%        6

Inventory:

Hand Weapons
 t - the +10 hunting sling of Zeama {venom, +Inv}

   It poisons the ammo it fires.
   It lets you turn invisible.
 I - the +7 war axe "Fuadaef" {elec, Str+5} Occasionally, upon striking a foe, it can discharge electrical energy and cause terrible harm. It affects your strength (+5).
Missiles
 n - 43 poisoned darts
 H - a curare-tipped dart {=f}
Armour
 k - a +0 pair of boots (melded)
 q - a +0 pair of gloves (melded)
 A - a +1 helmet (melded)
 B - the +0 robe "Qiwoume" (melded) {rN+}

   It protects you from negative energy.
 C - quicksilver dragon scales
Jewellery
 y - the ring "Hadaoliu" (left front leg) {rF++ rCorr Str+4}

   [ring of resist corrosion]

   It affects your strength (+4).
   It greatly protects you from fire.
   It provides partial protection from all sources of acid and corrosion.
 D - an amulet of regeneration (around neck)
Wands
 w - a wand of polymorph (17)
Scrolls
 a - 4 scrolls of identify {@r1}
 b - 3 scrolls of immolation {!r}
 c - 11 scrolls of teleportation {@r4}
 d - 5 scrolls of magic mapping
 e - 3 scrolls of fog {unknown}
 f - 4 scrolls of amnesia
 g - 5 scrolls of enchant weapon
 j - a scroll of blinking
 r - 4 scrolls of enchant armour
 v - a scroll of noise {unknown}
 E - a scroll of blinking
 F - a scroll of fear
 G - a scroll of summoning
Potions
 h - 2 potions of lignification {unknown}
 i - 10 potions of curing {unknown}
 l - 3 potions of brilliance {unknown}
 m - 3 potions of degeneration {unknown}
 o - 2 potions of flight
 p - 4 potions of mutation {unknown}
 s - a potion of heal wounds {unknown}
 u - 2 potions of might {unknown}
 x - a potion of invisibility {unknown}
 z - 2 potions of magic {unknown}

Dungeon Overview and Level Annotations

Branches:
Dungeon (11/15)            Temple (1/1) D:4             Orc (0/2) D:10
  Sewer (visited)         Ossuary (visited)
   Lair: D:8-11

Altars:
Ashenzari
Cheibriados
Dithmenos
Elyvilon
Fedhas
Gozag
Hepliaklqana
Kikubaaqudgha
Makhleb
Nemelex Xobeh
Okawaru
Qazlal
Ru
Sif Muna
Trog
Uskayaw
Vehumet
Wu Jian
Xom
Yredelemnul
Zin
The Shining One

Shops:
D:9 ?

Annotations:
D:4 3 runed translucent doors, Fenrir042's ghost, amateur MiBe
D:11 Snorg

▒......▒£... .
▒..........▒▒
..▒......?....▒▒
▒..............
▒..............
▒..............
▒....T........
▒▒....s........
▒..............
▒......£<......
▒▒..........?...
▒▒..........▒▒...
.... ▒..........▒▒
.P
▒...▒▒▒.......^..▒
f
▒...............▒
...............▒


You could see Snorg (berserk, extremely poisoned).


Message History

Snorg completely misses you.
Unknown command.
You hit Snorg.
Snorg is lightly wounded.
Snorg completely misses you. Snorg completely misses you. Snorg claws you!!
* * * LOW HITPOINT WARNING * * *
You maul Snorg!!
Snorg looks as sick as possible!
Snorg is lightly wounded.
Snorg completely misses you. Snorg claws you!
* * * LOW HITPOINT WARNING * * *
Snorg claws you!
* * * LOW HITPOINT WARNING * * *
Unknown command.
You maul Snorg!!
Snorg is moderately wounded.
Snorg misses you. Snorg completely misses you. Snorg completely misses you.
Unknown command.
You maul Snorg!!
Snorg looks as sick as possible!
Snorg is heavily wounded.
Snorg misses you. Snorg completely misses you. Snorg claws you!
You die...

Action                   |  1- 3 |  4- 6 |  7- 9 | 10-12 || total
-------------------------+-------+-------+-------+-------++-------
Melee: Unarmed           |   120 |   213 |   512 |   253 ||  1098
       Bite              |     6 |     8 |    10 |       ||    24
       Punch             |     6 |     3 |     2 |       ||    11
       Headbutt          |    14 |    10 |       |       ||    24
       Kick              |    11 |    24 |       |       ||    35
 Cast: Beastly Appendage |    18 |    18 |       |       ||    36
       Spider Form       |       |     8 |    49 |    29 ||    86
Invok: Heroism           |       |       |     6 |     5 ||    11
 Abil: End Transformatio |       |     1 |       |       ||     1
  Use: Potion            |       |     2 |       |       ||     2
       Scroll            |       |       |     6 |       ||     6
 Stab: Sleeping          |     2 |     3 |     3 |       ||     8
Armor: Robe              |    28 |    19 |     4 |     3 ||    54
       Skin              |       |     5 |    14 |     5 ||    24
Dodge: Dodged            |    80 |   132 |   665 |   313 ||  1190

Levels and vault maps discovered:
D:1:      minmay_arrival_wavy_path, layout_basic
D:2:      layout_rooms
D:3:      layout_loops_ring, riverfiend_overflow_shadow_ancestor,
          portal_sewer_entry_f, cheibrodos_gnoll_hut
D:4:      layout_basic, general_overflow_altar, nicolae_overflow_crystal_walls,
          minmay_temple_entry_crystal_x, gammafunk_ghost_split, uniq_pikel
D:5:      layout_basic, kennysheep_generic_room_11
D:6:      layout_cave_pods
D:7:      layout_rooms
D:8:      layout_basic, chequers_ossuary_entry_cave, makhleb_blood_cavern_becter
D:9:      layout_stronghold, fedhas_altar_3, lemuel_coloured_pillars_altar,
          serial_shops, shop
D:10:     layout_cave_pools, uniq_harold
D:11:     layout_cave_pools, grunt_lair_entry_orc_guard_hut,
          minmay_misc_feat_enclosed, nicolae_gozag_zags_fifth_avenue,
          uniq_gastronok, uniq_snorg, uniq_erolcha
Temple:   lightli_temple_of_artemis

Notes
Turn   | Place    | Note
-------+----------+-------------------------------------------
     0 | D:1      | sanka the Vampire Transmuter began the quest for the Orb.
     0 | D:1      | Reached XP level 1. HP: 14/14 MP: 3/3
   163 | D:1      | Reached skill level 4 in Unarmed Combat
   163 | D:1      | Reached XP level 2. HP: 15/20 MP: 5/5
   431 | D:1      | Reached XP level 3. HP: 25/25 MP: 4/6
   446 | D:1      | Learned a level 2 spell: Wereblood
   450 | D:1      | Learned a level 3 spell: Spider Form
  1613 | D:2      | Reached XP level 4. HP: 31/31 MP: 5/7
  1614 | D:2      | Reached skill level 5 in Unarmed Combat
  1704 | D:3      | Reached skill level 1 in Poison Magic
  1821 | D:3      | Noticed a shadow
  1822 | D:3      | Found a shadowy altar of Dithmenos.
  1823 | D:3      | Found a hazy altar of Hepliaklqana.
  1850 | D:3      | Reached skill level 3 in Transmutations
  1855 | D:3      | Reached XP level 5. HP: 22/36 MP: 2/8
  1891 | D:3      | Found a glowing drain.
  1895 | D:3      | Reached skill level 2 in Poison Magic
  1919 | Sewer    | Entered a sewer
  2079 | Sewer    | Reached skill level 4 in Transmutations
  2759 | D:3      | Reached skill level 3 in Poison Magic
  2759 | D:3      | Reached XP level 6. HP: 42/42 MP: 5/9
  2918 | D:3      | Reached skill level 5 in Transmutations
  3273 | D:4      | Noticed Pikel
  3359 | D:4      | Killed Pikel
  3360 | D:4      | Reached skill level 6 in Transmutations
  3360 | D:4      | Reached skill level 6 in Dodging
  3360 | D:4      | Reached XP level 7. HP: 47/47 MP: 8/10
  3451 | D:4      | Found a runed translucent gate.
  3453 | D:4      | Noticed Fenrir042's ghost (amateur MiBe)
  3561 | D:4      | Found a staircase to the Ecumenical Temple.
  3596 | Temple   | Entered the Ecumenical Temple
  3706 | Temple   | Became a worshipper of Warmaster Okawaru
  3736 | D:4      | Reached skill level 1 in Fighting
  3736 | D:4      | Reached XP level 8. HP: 47/54 MP: 8/11
  3795 | D:4      | Found a glowing silver altar of Zin.
  3865 | D:4      | Found a runed translucent gate.
  3867 | D:4      | Found a runed translucent gate.
  3972 | D:4      | Reached skill level 7 in Dodging
  4007 | D:4      | Found a white marble altar of Elyvilon.
  4479 | D:5      | Entered Level 5 of the Dungeon
  4568 | D:5      | Reached skill level 2 in Fighting
  4852 | D:5      | Reached skill level 3 in Fighting
  4861 | D:5      | Reached * piety under Okawaru
  4916 | D:5      | Reached skill level 1 in Invocations
  5023 | D:5      | Reached skill level 8 in Dodging
  5073 | D:5      | Reached skill level 2 in Invocations
  5221 | D:5      | Reached skill level 3 in Invocations
  5630 | D:6      | Reached skill level 4 in Invocations
  5666 | D:6      | Reached XP level 9. HP: 57/63 MP: 8/12
  6682 | D:6      | Reached ** piety under Okawaru
  6683 | D:6      | Reached skill level 3 in Spellcasting
  6731 | D:7      | Reached skill level 6 in Unarmed Combat
  6772 | D:7      | Reached skill level 7 in Transmutations
  6898 | D:7      | Reached skill level 4 in Spellcasting
  7047 | D:7      | Identified the +0 robe "Qiwoume" {rN+}
  7082 | D:7      | Reached skill level 7 in Unarmed Combat
  7444 | D:7      | Identified quicksilver dragon scales
  7567 | D:8      | Reached skill level 8 in Transmutations
  7681 | D:8      | Reached skill level 8 in Unarmed Combat
  7714 | D:8      | Reached *** piety under Okawaru
  7836 | D:8      | Found a sand-covered staircase.
  7844 | Ossuary  | Entered an ossuary
  7891 | Ossuary  | Reached XP level 10. HP: 42/70 MP: 11/16
  8339 | D:8      | Reached skill level 9 in Unarmed Combat
  8581 | D:8      | Found a burning altar of Makhleb.
  8589 | D:8      | Identified the +10 hunting sling of Zeama {venom, +Inv}
  8749 | D:9      | Found a blossoming altar of Fedhas.
  8926 | D:9      | Reached skill level 10 in Unarmed Combat
  9167 | D:9      | Identified the ring "Hadaoliu" {rF++ rCorr Str+4}
  9255 | D:9      | Found Cimiti's Magic Scroll Shoppe.
  9261 | D:9      | Bought a scroll of blinking for 120 gold pieces
  9261 | D:9      | Bought a scroll of fear for 56 gold pieces
  9261 | D:9      | Bought a scroll of summoning for 152 gold pieces
  9518 | D:9      | Reached **** piety under Okawaru
  9749 | D:9      | Found a basalt altar of Yredelemnul.
  9977 | D:10     | Entered Level 10 of the Dungeon
 10003 | D:10     | Noticed Harold
 10087 | D:9      | Killed Harold
 10088 | D:9      | Reached skill level 11 in Unarmed Combat
 10192 | D:10     | Reached skill level 12 in Unarmed Combat
 10199 | D:10     | Noticed a rust devil
 10427 | D:10     | Found a staircase to the Orcish Mines.
 10547 | D:10     | Identified the +7 war axe "Fuadaef" {elec, Str+5}
 10579 | D:11     | Noticed Snorg
 10591 | D:11     | Slain by Snorg

Vanquished Creatures
  Harold (D:9)
  Pikel (D:4)
  2 kobold demonologists (D:10)
  A hornet (D:8)
  A water moccasin (D:6)
  2 necrophages
  4 sky beasts
  An eye of draining (D:8)
  3 orc warriors
  2 ogres
  A lemure (D:4)
  7 centaurs
  A phantom (D:5)
  2 elf zombies (Ossuary)
  6 bullfrogs
  2 kobold brigands
  A gnoll sergeant (D:7)
  2 water moccasin zombies
  3 scorpions
  4 killer bees (D:8)
  14 wights
  4 howler monkeys
  2 bullfrog zombies
  3 jellies
  3 orc priests
  3 bullfrog skeletons
  4 hounds
  2 centaur skeletons
  3 iguanas
  A merfolk siren (Sewer)
  11 orc wizards
  5 worker ants
  A merfolk avatar (Sewer)
  2 hound skeletons
  4 hound zombies
  4 mummies (Ossuary)
  A worker ant zombie (D:6)
  9 gnolls
  11 adders
  A river rat (Sewer)
  A shadow imp (D:5)
  A white imp (D:10)
  2 ufetubi
  3 oozes
  A worm (D:5)
  2 dart slugs
  9 leopard geckos
  27 orcs
  8 ball pythons
  12 giant cockroaches
  2 gnoll zombies (Ossuary)
  5 goblins
  9 hobgoblins
  18 jackals
  2 quokkas
  5 bats
  7 frilled lizards
  A goblin zombie (Ossuary)
  A hobgoblin zombie (Ossuary)
  A jackal zombie (Ossuary)
  21 kobolds
  A kobold zombie (Ossuary)
  An orc zombie (Ossuary)
  30 rats
305 creatures vanquished.

Vanquished Creatures (others)
  2 fungi (D:9)
  4 plants (D:9)
6 creatures vanquished.

Grand Total: 311 creatures vanquished
